 Dungeon Crawl Stone Soup version 0.31-a0-216-g22e908daa7 (webtiles) character file.

Game seed: 14063436849819687746

71 qw the Chopper (level 4, -21/28 HPs)
             Began as a Gargoyle Fighter on July 2, 2023.
             Demolished by an ogre
             ... wielding a +0 giant club
              (27 damage)
             ... on level 3 of the Dungeon.
             The game lasted 00:01:06 (2289 turns).

qw the Chopper (Gargoyle Fighter)                   Turns: 2289, Time: 00:01:07

Health: -21/28     AC: 10    Str: 22    XL:     4   Next: 24%
Magic:  4/4        EV:  9    Int:  8    God:
Gold:   151        SH:  4    Dex:  9    Spells: 3/3 levels left

rFire   . . .        Y - +0 war axe
rCold   . . .        c - +0 buckler
rNeg    + . .        b - +0 scale mail
rPois   inf          (no helmet)
rElec   +            (no cloak)
rCorr   .            (no gloves)
SInv    .            (no boots)
Will    .....        (no amulet) Stlth
                     (no ring)
HPRegen 0.24/turn    (no ring)
MPRegen 0.09/turn

%: no passive effects
@: about to teleport
A: sickness immunity, AC +3, negative energy resistance 1, electricity
resistance, torment resistance 1, petrification resistance
a: no special abilities


You were on level 3 of the Dungeon.
You visited 1 branch of the dungeon, and saw 3 of its levels.

You collected 151 gold pieces.


Innate Abilities, Weirdness & Mutations

You are immune to sickness and miasma.
Your stone body is resilient. (AC +3)
You are immune to poison.
You resist negative energy. (rN+)
You are resistant to electric shocks. (rElec)
You are resistant to unholy torment.
You are immune to petrification.


   Skills:
 - Level 3.2 Fighting
 + Level 3.7 Axes
 - Level 1.0 Throwing
 - Level 3.2 Armour
 - Level 3.2 Shields


You had 3 spell levels left.
You didn't know any spells.
Your spell library was empty.

Inventory:

Hand Weapons
 e - a +0 mace
 Y - a +0 war axe (weapon)
Missiles
 k - 4 javelins (quivered)
Armour
 a - a +0 pair of boots
 b - a +0 scale mail (worn)
 c - a +0 buckler (worn)
 j - a +0 helmet
Scrolls
 f - 2 scrolls of teleportation
 n - a scroll of identify
Potions
 d - a potion of might
 g - a potion of berserk rage {unknown}
 h - a potion of enlightenment {unknown}
 l - a potion of attraction {unknown}
 m - a potion of mutation {unknown}
 o - a potion of brilliance {unknown}

Dungeon Overview and Level Annotations

Branches:
Dungeon (3/15)

Altars:
Makhleb
Nemelex Xobeh
Uskayaw
Vehumet
Wu Jian


Message History

Enter note:
Enter note:
Enter note:
Enter note:
Enter note:
Enter note: You barely miss the kobold.
The kobold hits you but does no damage.
You barely miss the kobold. The kobold hits you but does no damage.
You closely miss the kobold. The kobold completely misses you.
The kobold hits you with a +0 whip. The ogre closely misses you.
You barely miss the ogre. You closely miss the kobold.
The kobold hits you with a +0 whip. The ogre hits you with a +0 giant club.
You slash the ogre!
The ogre is moderately wounded.
You hit the kobold but do no damage. The kobold hits you but does no damage.
You barely miss the ogre.
The ogre is moderately wounded.
You barely miss the kobold. The kobold hits you but does no damage.
The ogre barely misses you. The kobold completely misses you.
You slash the ogre!
The ogre is almost dead.
You closely miss the kobold. The ogre barely misses you.
The kobold hits you but does no damage.
You barely miss the ogre.
The ogre is almost dead.
You hit the kobold.
You kill the kobold!
The ogre hits you with a +0 giant club!
Ouch! That really hurt!
2289 ||| READING 3 scrolls of teleportation.
As you read the scroll of teleportation, it crumbles to dust.
You feel strangely unstable.
The ogre hits you with a +0 giant club!!
Ouch! That really hurt!
You die...

####.##........#............#
.....##..).....#............#
.....##........#............#
.....##........#............#
...............#.)..........#
....%......?...#(...........#
...............#........
.............).........#
)....####...###O@......#
.###### #.....'.)......#
......# #.#####........#
......# #.# #........#
......# #.# #........#
......# #.# #........#
......# #.# #........#
......###. ####.###.#
.......#


You could see an ogre.

Vanquished Creatures
  A worm (D:3)
  2 dart slugs
  An orc (D:3)
  8 endoplasms
  4 giant cockroaches
  3 goblins
  6 hobgoblins
  4 jackals (D:2)
  A quokka (D:3)
  5 ball pythons
  7 bats
  3 frilled lizards
  8 kobolds
  2 rats (D:1)
55 creatures vanquished.

Notes
Turn   | Place    | Note
-------+----------+-------------------------------------------
     0 | D:1      | qw the Gargoyle Fighter began the quest for the Orb.
     0 | D:1      | Reached XP level 1. HP: 14/14 MP: 1/1
     0 | D:1      | 0 ||| qw: Version: 0.3-a-35-g05ef00e
     0 | D:1      | 0 ||| qw: Game counter: 7801
     0 | D:1      | 0 ||| qw: Melee chars always use a shield: true
     0 | D:1      | 0 ||| qw: God list: Okawaru
     0 | D:1      | 0 ||| qw: Allow faded altars: false
     0 | D:1      | 0 ||| qw: Do Orc after clearing Dungeon:15 true
     0 | D:1      | 0 ||| qw: Do second Lair branch before Depths: true
     0 | D:1      | 0 ||| qw: Lair rune preference: random
     0 | D:1      | 0 ||| qw: Goals: Normal, Zot:1-4, Slime:5, God:TSO, Crypt,
                  | Tomb, Abyss, Pan, Hells, Win
     0 | D:1      | 0 ||| PLANNING D:1-11
   101 | D:1      | Reached XP level 2. HP: 18/19 MP: 2/2
   274 | D:1      | 274 ||| FLEEEEING.
   278 | D:1      | 278 ||| Stepping ~*~*~tactically~*~*~ (hiding).
   279 | D:1      | 279 ||| Stepping ~*~*~tactically~*~*~ (hiding).
   281 | D:1      | 281 ||| Stepping ~*~*~tactically~*~*~ (hiding).
   388 | D:1      | Reached skill level 3 in Axes
   466 | D:1      | 466 ||| Stepping ~*~*~tactically~*~*~ (stealth).
   467 | D:1      | 467 ||| Stepping ~*~*~tactically~*~*~ (stealth).
   471 | D:1      | Reached XP level 3. HP: 23/23 MP: 3/3
   835 | D:1      | 835 ||| READING scroll labelled KAESCH XEKKOSK.
   836 | D:1      | 836 ||| READING scroll labelled WUZAOXKISA.
   837 | D:1      | 837 ||| READING 2 scrolls labelled ROSUPS BUEXO.
   838 | D:1      | 838 ||| READING scroll labelled GINOERE OLURYDD.
   839 | D:1      | 839 ||| DROPPING scroll of fear.
  1208 | D:2      | 1208 ||| Stepping ~*~*~tactically~*~*~ (stealth).
  1211 | D:2      | 1211 ||| Stepping ~*~*~tactically~*~*~ (stealth).
  1213 | D:2      | Reached skill level 1 in Throwing
  1389 | D:2      | 1389 ||| DROPPING +2 whip of distortion.
  1809 | D:2      | 1809 ||| READING scroll labelled RAKKEU CERPHEI.
  1810 | D:2      | 1810 ||| READING 3 scrolls labelled FALOXT DEBBYFE.
  1814 | D:2      | 1814 ||| READING scroll labelled VABLEPH ENATOTA.
  1856 | D:3      | 1856 ||| Stepping ~*~*~tactically~*~*~ (hiding).
  1858 | D:3      | 1858 ||| Stepping ~*~*~tactically~*~*~ (hiding).
  1935 | D:3      | Reached XP level 4. HP: 28/28 MP: 4/4
  2050 | D:3      | 2050 ||| Stepping ~*~*~tactically~*~*~ (hiding).
  2051 | D:3      | 2051 ||| Stepping ~*~*~tactically~*~*~ (hiding).
  2052 | D:3      | 2052 ||| Stepping ~*~*~tactically~*~*~ (hiding).
  2173 | D:3      | Found a burning altar of Makhleb.
  2173 | D:3      | Found a sparkling altar of Nemelex Xobeh.
  2174 | D:3      | Found an ornate altar of the Wu Jian Council.
  2176 | D:3      | Found a hide-covered altar of Uskayaw.
  2177 | D:3      | Found a radiant altar of Vehumet.
  2279 | D:3      | Noticed an ogre
  2288 | D:3      | HP: 6/28 [ogre/+0 giant club (14)]
  2289 | D:3      | 2289 ||| READING 3 scrolls of teleportation.
  2289 | D:3      | Demolished by an ogre

Levels and vault maps discovered:
D:1:      nicolae_arrival_washed_ashore, layout_basic, minmay_pentomino_v2
D:2:      layout_loops_corners, minmay_increasing_density
D:3:      layout_basic, minitemple, minmay_ogre_servants

Skill      XL: |  1  2  3 |
---------------+----------+-----
Axes           | 2 3 |  3.7
Throwing       | 1 |  1.0
Fighting       | |  3.2
Armour         | |  3.2
Shields        | |  3.2

Action                     |  1- 3 |  4- 6 || total
---------------------------+-------+-------++-------
  Melee: War axe           |    86 |    41 ||   127
  Throw: Javelin           |    34 |    12 ||    46
    Use: Scroll            |     7 |     1 ||     8
 Armour: Scale mail        |    35 |    27 ||    62
  Dodge: Dodged            |    37 |    26 ||    63
  Block: Buckler           |    14 |    13 ||    27

Table legend:
 A = Non-vault XP
 B = Vault XP
 C = Vault XP percentage of total XP
 D = Non-vault monster count
 E = Vault monster count
 F = Vault count percentage of total count
                 A         B        C        D         E       F
            +---------+---------+-------+---------+---------+-------
      Total |      92 |      10 |   9.8 |      50 |       5 |   9.1
            +---------+---------+-------+---------+---------+-------
        D:1 |      38 |       2 |   5.0 |      22 |       1 |   4.3
        D:2 |      22 |       8 |  26.7 |      13 |       4 |  23.5
        D:3 |      32 |       0 |   0.0 |      15 |       0 |   0.0
            +---------+---------+-------+---------+---------+-------
